 Dungeon Crawl Stone Soup version 0.29.1-15-g9cfb28693d (webtiles) character file.

Game seed: 7740052319420599335

497 Gabide the Grasshopper (level 6, -1/51 HPs)
             Began as a Demigod Warper on Apr 10, 2023.
             Slain by a gnoll
             ... wielding a +0 flail
             ... led by a gnoll bouda
              (9 damage)
             ... on level 4 of the Dungeon.
             The game lasted 00:08:28 (4415 turns).

Gabide the Grasshopper (Demigod Warper)             Turns: 4415, Time: 00:08:28

Health: -1/51      AC:  7    Str: 12    XL:     6   Next: 61%
Magic:  11/13      EV: 11    Int: 23    God:
Gold:   176        SH:  0    Dex: 13    Spells: 6/11 levels left

rFire   + . .      SeeInvis .   a - +3 scythe (chaos)
rCold   . . .      Faith    .   (shield currently unavailable)
rNeg    . . .      Spirit   .   k - +1 ring mail
rPois   .          Reflect  .   (no helmet)
rElec   .          Harm     .   s - +0 cloak
rCorr   .          Rampage  .   (no gloves)
Will    .....                   (no boots)
Stlth   +.........              (no amulet)
HPRegen 0.17/turn               f - ring of protection from fire
MPRegen 0.13/turn               (no ring)

@: no status effects
A: high MP 1, forlorn, divine attributes
a: no special abilities


You were on level 4 of the Dungeon.
You visited 1 branch of the dungeon, and saw 4 of its levels.

You collected 176 gold pieces.

Inventory:

Hand Weapons
 a - a +3 scythe of chaos (weapon)
 b - a +0 sling
 m - a +2 dagger of distortion
Missiles
 d - 4 boomerangs of dispersal
 e - 2 boomerangs (quivered)
 j - 2 throwing nets
 o - 7 poisoned darts
Armour
 k - a +1 ring mail (worn)
 s - a +0 cloak (worn)
Jewellery
 f - a ring of protection from fire (left hand)
Wands
 x - a wand of flame (15)
Scrolls
 g - 4 scrolls of amnesia
 l - a scroll of teleportation
 t - a scroll of vulnerability {unknown}
 y - a scroll of identify
Potions
 h - a potion of resistance {unknown}
 i - 2 potions of haste
 n - 2 potions of invisibility {unknown}
 p - a potion of attraction {unknown}
 q - a potion of flight {unknown}
 r - a potion of might {unknown}
 u - a potion of brilliance
 v - a potion of lignification


   Skills:
 - Level 3.0 Fighting
 - Level 3.0 Polearms
 + Level 0.3 Ranged Weapons
 - Level 0.8 Throwing
 - Level 0.8 Armour
 - Level 3.0 Dodging
 - Level 3.0 Spellcasting
 - Level 5.0 Translocations


You had 6 spell levels left.
You knew the following spells:

 Your Spells              Type           Power      Damage    Failure   Level
a - Blink                 Tloc           52%        N/A       4%          2
b - Teleport Other        Tloc           26%        N/A       10%         3

Your spell library contained the following spells:

 Spells                   Type           Power      Damage    Failure   Level
 Gell's Gravitas          Tloc           26%        N/A       10%         3
 Lesser Beckoning         Tloc           26%        N/A       10%         3
 Manifold Assault         Tloc           26%        N/A       67%         5


Dungeon Overview and Level Annotations

Branches:
Dungeon (4/15)
 Temple: D:4-7

Annotations:
D:4 3 runed translucent doors, LaMa's ghost, amateur MfGl


Innate Abilities, Weirdness & Mutations

You have an increased reservoir of magic. (+10% MP)
You shall have no god before yourself.
Your divine heritage dramatically boosts your attributes as you level up.


Message History

Fire: b) +0 sling
Press: ? - help, Q - select action, (/) - cycle Shift-Dir - straight line, f - gnoll, p - gnoll
Aim: a gnoll, wielding a +0 halberd (covering ground quickly, 58% to hit)
You shoot a sling bullet. The sling bullet hits the gnoll.
The gnoll is lightly wounded.
Your attacks no longer feel as feeble.
Fire: b) +0 sling
Press: ? - help, Q - select action, (/) - cycle Shift-Dir - straight line, f/p - gnoll
Aim: a gnoll, wielding a +0 halberd (lightly wounded, covering ground quickly, 58% to hit)
You shoot a sling bullet.
The sling bullet barely misses the gnoll.
Casting: Blink (safe; 4% risk of failure)
Confirm with . or Enter, or press ? or * to list all spells.
You blink.
Fire: b) +0 sling
Press: ? - help, Q - select action, (/) - cycle Shift-Dir - straight line, f - gnoll, p - gnoll
Aim: a gnoll, wielding a +0 flail (moderately wounded, covering ground quickly, 58% to hit)
You shoot a sling bullet.
The sling bullet barely misses the gnoll.
The gnoll is no longer moving quickly. x2
Fire: b) +0 sling
Press: ? - help, Q - select action, (/) - cycle Shift-Dir - straight line, f/p - gnoll
Aim: a gnoll, wielding a +0 flail (moderately wounded, 58% to hit)
You shoot a sling bullet.
The sling bullet hits the gnoll but does no damage.
The gnoll is moderately wounded.
Your +3 scythe of chaos is briefly surrounded by a scintillating aura of random colours.
a - a +3 scythe of chaos (weapon)
You feel stable enough to blink again.
The gnoll hits you from afar with a +0 halberd.
* * * LOW HITPOINT WARNING * * *
Throw: 5 boomerangs (disperse)
Press: ? - help, Shift-Dir - straight line, f - gnoll, p - gnoll
Aim: a gnoll, wielding a +0 halberd (lightly wounded, 61% to hit)
You throw a boomerang of dispersal.
The boomerang of dispersal hits the gnoll.
The gnoll blinks!
The gnoll is moderately wounded.
The gnoll hits you with a +0 flail!
You die...

#######
#....?.##
...g....##
.......@.#
.......g.#
......ยง..#
.........#
..........#
#........##
###....[...##
#...........#
####...........#


You could see 2 gnolls.

Vanquished Creatures
  Sigmund (D:2)
  A gnoll bouda (D:4)
  3 orc wizards
  Natasha (thrice) (D:2)
  4 gnolls
  3 adders
  6 dart slugs
  11 orcs
  5 endoplasms
  2 giant cockroaches (D:1)
  6 goblins
  7 hobgoblins
  3 jackals (D:1)
  6 quokkas
  4 ball pythons
  4 bats
  6 frilled lizards
  8 kobolds
  4 rats
87 creatures vanquished.

Vanquished Creatures (others)
  A butterfly (D:3)
1 creature vanquished.

Grand Total: 88 creatures vanquished

Notes
Turn   | Place    | Note
-------+----------+-------------------------------------------
     0 | D:1      | Gabide the Demigod Warper began the quest for the Orb.
     0 | D:1      | Reached XP level 1. HP: 17/17 MP: 5/5
   317 | D:1      | Reached XP level 2. HP: 24/24 MP: 7/7
   445 | D:1      | Reached skill level 3 in Translocations
   708 | D:1      | Reached XP level 3. HP: 23/29 MP: 8/8
  1210 | D:2      | Noticed Sigmund
  1219 | D:2      | Killed Sigmund
  1220 | D:2      | Reached skill level 4 in Translocations
  1220 | D:2      | Reached XP level 4. HP: 18/37 MP: 8/10
  1220 | D:2      | Reached XP level 5. HP: 20/42 MP: 8/11
  1911 | D:2      | Noticed Natasha
  1920 | D:2      | Killed Natasha
  2203 | D:2      | Noticed Natasha
  2209 | D:2      | Killed Natasha
  2686 | D:2      | Noticed Natasha
  2697 | D:2      | Killed Natasha
  2770 | D:3      | Reached XP level 6. HP: 32/50 MP: 13/13
  3401 | D:3      | Learned a level 2 spell: Blink
  3405 | D:3      | Learned a level 3 spell: Teleport Other
  3957 | D:4      | Found a runed translucent gate.
  3957 | D:4      | Found a runed translucent gate.
  3957 | D:4      | Found a runed translucent gate.
  3958 | D:4      | Noticed LaMa's ghost (amateur MfGl)
  4407 | D:4      | Reached skill level 5 in Translocations
  4415 | D:4      | Slain by a gnoll

Illustrated notes

Levels and vault maps discovered:
D:1:      scummos_arrival_simple_fountains, layout_rooms
D:2:      layout_basic, shapermc_ecumenical_altar_notcrosses,
          minmay_misc_feat_encased, minmay_hedge_maze, st_stairs_14,
          chequers_serial_rivers_small_3, uniq_sigmund, uniq_natasha
D:3:      layout_loops_ring, nicolae_elyvilon_peaceful_grove, solitary_fountain
D:4:      layout_rooms, nicolae_overflow_hidden_temple, kennysheep_mini,
          lemuel_temple_firewalk_a, ebering_ghost_rock_garden

Skill      XL: |  1  2  3  4  5  6 |
---------------+-------------------+-----
Polearms       | 2 3 |  3.0
Dodging        | 2 3 |  3.0
Translocations | 3 4 5 |  5.0
Fighting       | 2 3 |  3.0
Spellcasting   | 2 3 |  3.0
Ranged Weapons | |  0.3
Throwing       | |  0.8
Armour         | |  0.8

Action                   |  1- 3 |  4- 6 || total
-------------------------+-------+-------++-------
Melee: Spear             |    17 |       ||    17
       Trident           |    69 |       ||    69
       Punch             |     1 |       ||     1
       Halberd           |       |   177 ||   177
       Sling             |       |     1 ||     1
 Fire: Sling             |       |    23 ||    23
Throw: Boomerang         |       |     3 ||     3
 Cast: Blink             |       |     3 ||     3
  Use: Scroll            |     5 |     9 ||    14
       Potion            |     1 |       ||     1
Armor: Ring mail         |    21 |    70 ||    91
Dodge: Dodged            |    39 |    97 ||   136
